 Dungeon Crawl Stone Soup version 0.31-a0-865-g3d5d91748a (webtiles) character file.

Game seed: 3241707598562996313

2440 MackTheKnife the Grappler (level 9, 0/118 HPs)
             Began as a Pale Draconian Chaos Knight on Oct 10, 2023.
             Was a Follower of Lugonu.
             Slain by Joseph
             ... wielding a +0 quarterstaff
              (9 damage)
             ... on level 8 of the Dungeon.
             The game lasted 00:13:03 (8522 turns).

MackTheKnife the Grappler (DrCK)                    Turns: 8522, Time: 00:13:04

Health: 0/118      AC: 24    Str: 14      XL:     9   Next: 25%
Magic:  9/9        EV:  2    Int:  7 (11) God:    Lugonu [*.....]
Gold:   340        SH:  4    Dex:  8 (13) Spells: 8/8 levels left

rFire   . .          .
                       - Unarmed
rCold   . . .        q - +0 buckler
rNeg    . . .        (body armour unavailable)
rPois   +            (helmet currently unavailable)
rElec   .            x - melded scarf {rC+ rF+}
rCorr   .            (gloves currently unavailable)
SInv    +            (boots currently unavailable)
Will    .....        (no amulet)
Stlth   +            o - ring of see invisible
HPRegen 0.39/turn    (no ring)
MPRegen 0.11/turn

%: no passive effects
@: tree-form, studying Ranged Weapons
A: stationary, stasis, torment immunity, boosted hp, (breathe steam), AC +7,
unfitting armour, (cold-blooded), (steam resistance), (hooves 1), dopey 1, weak
1
a: Renounce Religion, Depart the Abyss


You were on level 8 of the Dungeon.
You worshipped Lugonu.
Lugonu was aware of your devotion.
You were a tree.
You visited 2 branches of the dungeon, and saw 9 of its levels.
You visited the Abyss 1 time.

You collected 395 gold pieces.
You spent 55 gold pieces at shops.


Innate Abilities, Weirdness & Mutations

You are a tree.
Your roots penetrate the ground, keeping you stationary.
You cannot be teleported.
You are immune to unholy pain and torment.
Your maximum health is greatly increased.
Your equipment is partially melded.
((You can breathe blasts of scalding, opaque steam.))
((Your pale cyan-grey scales are hard. (AC +7)))
You cannot fit into any form of body armour.
((You are cold-blooded and may be slowed by cold attacks.))
((You are immune to the effects of steam.))
((You have large cloven feet.))
You are dopey. (Int -2)
You are weak. (Str -2)


   Skills:
 + Level 7.2 Fighting
 + Level 3.9 Dodging
 - Level 4.1 Shields
 + Level 10.0 Unarmed Combat


You had 8 spell levels left.
You didn't know any spells.
Your spell library was empty.

Inventory:

Missiles
 k - 18 poisoned darts {throwing}
Armour
 q - a +0 buckler (worn)
   (Xom gifted it to you on level 4 of the Dungeon)
 x - a scarf of resistance (melded)
   (You found it on level 7 of the Dungeon)
Jewellery
 o - a ring of see invisible (left branch)
   (You found it on level 4 of the Dungeon)
Talismans
 c - a beast talisman
   (You found it on level 2 of the Dungeon)
Wands
 g - a wand of paralysis (10)
   (You found it on level 6 of the Dungeon)
 v - a wand of acid (1)
   (You found it on level 6 of the Dungeon)
Scrolls
 a - 2 scrolls of butterflies
 d - 2 scrolls of enchant armour
 f - 4 scrolls of vulnerability {!r!r}
 h - a scroll of teleportation {@r4}
 p - a scroll of immolation {!r!r}
 y - a scroll of poison {!r}
Potions
 b - 5 potions of lignification {!q}
 e - a potion of ambrosia
 i - a potion of mutation {unknown}
 j - 2 potions of berserk rage {!q}
 l - a potion of attraction {unknown}
 m - a potion of brilliance {unknown}
 n - a potion of invisibility {unknown}
 s - a potion of cancellation {unknown}
 t - 3 potions of curing {unknown}
 u - a potion of might {unknown}

Dungeon Overview and Level Annotations

Branches:
Dungeon (8/15) Zot: 26699  Temple (1/1) D:5 Zot: 5995
   Lair: D:8-11

Altars:
Ashenzari
Cheibriados
Fedhas
Hepliaklqana
Makhleb
Nemelex Xobeh
Okawaru
Qazlal
Ru
Sif Muna
Uskayaw
Wu Jian
Xom
Yredelemnul
Zin
The Shining One

Shops:
D:1 :   D:2 ?   D:4 (

Annotations:
D:8 Joseph

#...### #...#..
..#####...#.###
.......<#.#.#.####
...####.#.#.#....#
#...#.#....#.#
......#<....#..#.#
..#######.#[#..#.#
..........#.#..#♣#
..#########.####@#
#.# ... #.# #####
#.# #.# #.#


You could see Joseph.


Message History

No target in view!
No target in view!
No target in view!
No target in view!
No target in view!
No target in view!
No target in view! "Take this instrument of something!"
Something appears at your feet!
You see here a +0 robe.
You see here a +0 robe.
Unknown command.
Joseph, a Mercenary comes into view.
He is wielding a +0 quarterstaff and carrying a wand of flame.
Joseph shouts!
Joseph unwields a +0 quarterstaff.
Joseph wields a +0 sling.
Joseph shoots a sling bullet.
The sling bullet hits you! 😕 HP[-10]
You take 10 damage, and now have 69/79 hp.
Unknown command.
Okay, then.
Aiming: Corrosive Bolt
Press: ? - help, Shift-Dir - straight line, f - Joseph
Aim: Joseph, wielding a +0 sling, wearing a +0 leather armour and carrying a wand of flame (71% to hit)
The bolt of acid misses Joseph.
Joseph shoots a sling bullet.
You block the sling bullet.
Aiming: Corrosive Bolt
Press: ? - help, Shift-Dir - straight line, f/p - Joseph
Aim: Joseph, wielding a +0 sling, wearing a +0 leather armour and carrying a wand of flame (71% to hit)
The bolt of acid hits Joseph!
The acid corrodes Joseph!
Joseph zaps a wand.
The puff of flame hits you. You resist. 😕 HP[-3]
You take 3 damage, and now have 66/79 hp.
Unknown command.
Joseph zaps a wand.
The puff of flame hits you. You resist.
Joseph shoots a sling bullet.
The sling bullet completely misses you. 😕 HP[-3]
You take 3 damage, and now have 63/79 hp.
Unknown command.
Joseph shoots a sling bullet.
The sling bullet hits you! 😮 HP[-11]
You take 11 damage, and now have 52/79 hp.
Joseph unwields a +0 sling.
Joseph wields a +0 quarterstaff.
You block Joseph's attack.
Unknown command.
You punch Joseph! Joseph barely misses you.
You hit Joseph. Your kick misses Joseph.
Your tail-slap misses Joseph. 😮 HP[+1] Unknown command.
You punch Joseph! You kick Joseph.
Your tail-slap misses Joseph.
Joseph barely misses you.
You hit Joseph.
Joseph hits you with a +0 quarterstaff. 😮 HP[-4]
You take 4 damage, and now have 49/79 hp.
Unknown command.
You closely miss Joseph. Your kick misses Joseph.
Joseph hits you with a +0 quarterstaff!
* * * LOW HITPOINT WARNING * * *
😨 HP[-11]
You take 11 damage, and now have 38/79 hp.
You barely miss Joseph. Joseph hits you with a +0 quarterstaff!
* * * LOW HITPOINT WARNING * * *
Unknown command. 😨 HP[-10]
You take 10 damage, and now have 28/79 hp.
You hit Joseph. You kick Joseph. Joseph hits you with a +0 quarterstaff.
* * * LOW HITPOINT WARNING * * *
😨 HP[-6]
You take 6 damage, and now have 22/79 hp.
Unknown command.
You barely miss Joseph. Joseph misses you.
You barely miss Joseph. 😨 HP[+1] Unknown command.
You barely miss Joseph. Your kick misses Joseph.
Joseph hits you with a +0 quarterstaff!
* * * LOW HITPOINT WARNING * * *
😱 HP[-10]
You take 10 damage, and now have 13/79 hp.
Unknown command.
Aiming: Corrosive Bolt
Press: ? - help, Shift-Dir - straight line, f/p - Joseph
Aim: Joseph, wielding a +0 quarterstaff, wearing a +0 leather armour and carrying a wand of flame (heavily wounded, covered in acid, 71% to hit)
The bolt of acid misses Joseph.
Joseph is no longer covered in acid.
Joseph hits you but does no damage.
You turn into a tree.
Your scarf of resistance melds into your body.
You feel hot and cold all over.
Your roots penetrate the ground.
Joseph hits you with a +0 quarterstaff.
* * * LOW HITPOINT WARNING * * *
😱 HP[+2]
You now have 118 max hp (+39).
You regained 2 hp, and now have 15/118 hp.
You closely miss Joseph. Joseph hits you with a +0 quarterstaff!
* * * LOW HITPOINT WARNING * * *
😱 HP[-6]
You take 6 damage, and now have 9/118 hp.
You closely miss Joseph. Joseph hits you but does no damage.
You pummel Joseph!! Joseph hits you with a +0 quarterstaff!
You die...

Skill      XL: |  1  2  3  4  5  6  7  8  9 |
---------------+----------------------------+-----
Unarmed Combat | 4 5 6 8 9 10 | 10.0
Shields        | 2 4 |  4.1
Fighting       | 4 6 7 |  7.2
Dodging        | 3 |  3.9

Action                     |  1- 3 |  4- 6 |  7- 9 || total
---------------------------+-------+-------+-------++-------
  Melee: Unarmed           |   158 |   140 |   259 ||   557
         Tailslap          |    18 |    16 |    30 ||    64
         Punch             |     3 |     4 |       ||     7
         Kick              |     5 |    35 |    67 ||   107
  Throw: Dart              |       |     4 |       ||     4
 Invoke: Depart the Abyss  |       |       |     1 ||     1
Ability: Breathe Steam     |       |       |     8 ||     8
         Lunge             |       |       |    11 ||    11
         Whirlwind         |       |       |     4 ||     4
  Evoke: Wand              |       |       |     8 ||     8
    Use: Scroll            |     2 |       |    12 ||    14
         Potion            |       |       |     6 ||     6
   Stab: Sleeping          |     1 |     1 |     2 ||     4
 Armour: Skin              |    79 |    94 |   168 ||   341
  Dodge: Dodged            |    83 |    85 |   131 ||   299
  Block: Buckler           |       |       |    56 ||    56
         Form:             |     2 |       |       ||     2
         Beast             |     2 |       |       ||     2

Levels and vault maps discovered:
D:1:      erik_arrival_cave_to_civilisation [erik_arrival_cave_to_hall],
          layout_basic, nicolae_shop_vocational
D:2:      layout_loops_ring, serial_shops, nicolae_shop_advertising_works
          [nicolae_subvault_shop_adworks], serial_rivers,
          chequers_serial_rivers_small_3, chequers_serial_rivers_micro_b,
          chequers_serial_rivers_room_a, chequers_serial_rivers_large_b,
          chequers_serial_rivers_small_a, basic_altar, minmay_heptomino_w4
D:3:      layout_basic, grunt_temple_overflow_forces_of_nature,
          minmay_misc_feat_four_crosses, serial_park_tiny_pond,
          hangedman_decor_diamond_cutter
D:4:      layout_rooms, serial_shops, nicolae_shop_crystal, minmay_manual_mess
D:5:      black_bear_nest_2, layout_basic, lemuel_coloured_pillars_altar,
          minmay_temple_entry_drinking_statues
D:6:      layout_basic, mainiacjoe_overflow_small_starburst,
          cheibriados_altar_1, uniq_crazy_yiuf_cottage
D:7:      layout_loops_ring
D:8:      minmay_bloctagon_deflated, layout_basic, chequers_ossuary_entry_cave,
          uniq_joseph, uniq_pikel, uniq_maggie
Temple:   bh_familiar_temple

Notes
Turn   | Place    | Note
-------+----------+-------------------------------------------
     0 | D:1      | MackTheKnife the Draconian Chaos Knight began the quest for
                  | the Orb.
     0 | D:1      | Reached XP level 1. HP: 19/19 MP: 1/1
     0 | D:1      | magus.rc [v1.9.6]
    72 | D:1      | XOM: silly message
   111 | D:1      | Reached XP level 2. HP: 26/26 MP: 2/2
   640 | D:1      | XOM: silly message
   679 | D:1      | Reached skill level 4 in Unarmed Combat
   732 | D:1      | Found Vupn's Vocational Training.
   825 | D:1      | XOM: divination: magic mapping
   896 | D:1      | XOM: silly message
  1018 | D:1      | XOM: noise
  1050 | D:2      | Reached XP level 3. HP: 27/31 MP: 3/3
  1134 | D:2      | XOM: summons 2 hostile demons
  1287 | D:2      | XOM: 2-stop teleportation journey
  1288 | D:2      | Found a blossoming altar of Fedhas.
  1342 | D:2      | Found Wushreir's Magic Scroll Shoppe.
  1366 | D:2      | Bought a scroll of identify for 22 gold pieces
  1366 | D:2      | Bought a scroll of teleportation for 33 gold pieces
  1609 | D:2      | XOM: give mutations
  1609 | D:2      | Gained mutation: You are dopey. (Int -2) [Xom's mischief]
  1609 | D:2      | Gained mutation: You have large cloven feet. [Xom's
                  | mischief]
  1609 | D:2      | Gained mutation: You are weak. (Str -2) [Xom's mischief]
  1716 | D:2      | XOM: stat loss: -1 Dex (11/12)
  1769 | D:2      | Reached XP level 4. HP: 35/38 MP: 4/4
  2307 | D:3      | XOM: blink monster(s)
  2309 | D:3      | Reached skill level 5 in Unarmed Combat
  2409 | D:3      | Reached XP level 5. HP: 45/45 MP: 5/5
  2551 | D:3      | Found a stormy altar of Qazlal.
  2553 | D:3      | Found a blossoming altar of Fedhas.
  2753 | D:3      | XOM is BORED!
  2896 | D:3      | Reached skill level 6 in Unarmed Combat
  3028 | D:4      | XOM: noise
  3030 | D:4      | Noticed a phantom
  3216 | D:4      | Found Ziruf Peo's Antique Weapon Boutique.
  3230 | D:4      | Killed a phantom
  3231 | D:4      | Reached XP level 6. HP: 32/51 MP: 6/6
  3245 | D:3      | Reached skill level 7 in Unarmed Combat
  3573 | D:4      | XOM: divination: detect creatures
  3589 | D:4      | HP: 3/51 [ogre/+0 giant club (11)]
  3777 | D:4      | XOM: polymorph orc -> hobgoblin
  3780 | D:4      | XOM: enchant monster (good)
  3998 | D:4      | Reached skill level 8 in Unarmed Combat
  3998 | D:4      | Your scales start taking on a pale cyan-grey colour.
  3998 | D:4      | Reached XP level 7. HP: 49/57 MP: 7/7
  3998 | D:4      | Gained mutation: You are immune to the effects of steam.
                  | [Pale Draconian growth]
  4066 | D:4      | XOM: god gift: puce potion {god gift}
  4107 | D:4      | XOM: god gift: buckler {god gift}
  4221 | D:4      | XOM: 2-stop teleportation journey
  4301 | D:4      | XOM: silly message
  4334 | D:5      | Entered Level 5 of the Dungeon
  4415 | D:5      | XOM: enchant monster (bad)
  4417 | D:5      | XOM: enchant monster (bad)
  4435 | D:5      | Reached skill level 1 in Shields
  4467 | D:5      | Reached skill level 4 in Fighting
  4499 | D:5      | Reached skill level 2 in Shields
  4719 | D:5      | Found an ornate altar of the Wu Jian Council.
  4781 | D:5      | Reached XP level 8. HP: 59/67 MP: 8/8
  4943 | D:5      | Reached skill level 3 in Shields
  4959 | D:5      | Reached skill level 5 in Fighting
  4984 | D:5      | XOM: scenery: summon butterflies
  5058 | D:5      | Reached skill level 9 in Unarmed Combat
  5270 | D:5      | Found a staircase to the Ecumenical Temple.
  5284 | Temple   | Entered the Ecumenical Temple
  5390 | D:5      | Fell from the grace of Xom
  5390 | D:5      | Became a worshipper of the Wu Jian Council
  5615 | D:5      | HP: 17/68 [poisoned by a kobold]
  5618 | D:5      | HP: 5/68 [kobold brigand/+0 club (5)]
  6078 | D:6      | Found a hazy altar of Hepliaklqana.
  6144 | D:6      | XOM: summons 1 hostile demon
  6326 | D:6      | Reached skill level 4 in Shields
  6575 | D:6      | Found a snail-covered altar of Cheibriados.
  6656 | D:6      | Found a runed translucent door.
  6657 | D:6      | Noticed Crazy Yiuf
  6662 | D:6      | Killed Crazy Yiuf
  6663 | D:6      | Reached skill level 6 in Fighting
  6836 | D:7      | magus.rc [v1.9.6]
  6983 | D:7      | Reached * piety under Wu Jian
  6994 | D:7      | Reached skill level 3 in Dodging
  7166 | D:7      | Reached XP level 9. HP: 78/78 MP: 9/9
  7349 | Abyss:2  | Cast into level 2 of the Abyss (Xom)
  7412 | Abyss:2  | Noticed a large abomination
  7427 | Abyss:2  | Noticed a starcursed mass
  7679 | Abyss:2  | Noticed a large abomination
  7689 | Abyss:2  | Found a corrupted altar of Lugonu.
  7723 | Abyss:2  | Noticed a tentacled starspawn
  7724 | Abyss:2  | Noticed a white very ugly thing
  7726 | Abyss:2  | Reached skill level 7 in Fighting
  7726 | Abyss:2  | Reached skill level 10 in Unarmed Combat
  7736 | Abyss:2  | Noticed a tentacled starspawn
  7737 | Abyss:2  | Noticed a hellephant
  7747 | Abyss:2  | Found a corrupted altar of Lugonu.
  7758 | Abyss:2  | Fell from the grace of Wu Jian
  7758 | Abyss:2  | Became a worshipper of Lugonu the Unformed
  7758 | Abyss:2  | Reached * piety under Lugonu
  7758 | Abyss:2  | Reached ** piety under Lugonu
  7760 | D:7      | You pass through the gate.
  7760 | D:7      | Escaped the Abyss
  7957 | D:7      | XOM: summons 4 hostile shadow creatures
  7975 | D:7      | HP: 18/79 [poisoned by a water moccasin]
  7978 | D:7      | XOM: polymorph orc -> hobgoblin
  7979 | D:7      | HP: 7/79 [poisoned by a water moccasin]
  7982 | D:7      | HP: 3/79 [poisoned by a water moccasin]
  8112 | D:7      | XOM: stat loss: -3 Int (7/11)
  8245 | D:8      | HP: 14/79 [very large slime creature (54)]
  8488 | D:8      | XOM: god gift: robe {god gift}
  8501 | D:8      | Noticed Joseph
  8517 | D:8      | HP: 13/79 [Joseph/+0 quarterstaff (10)]
  8522 | D:8      | Slain by Joseph

Vanquished Creatures
  A large abomination (Abyss:2)
  A dancing weapon (D:7)
  A wyvern (D:7)
  2 small abominations (Abyss:2)
  An ice beast (D:5)
  2 black bears (D:5)
  3 ogres
  2 phantoms
  2 kobold brigands
  A scorpion (D:5)
  2 bullfrogs
  A howler monkey (D:6)
  2 quasits (Abyss:2)
  3 orc priests
  6 hounds
  A jelly (D:7)
  Crazy Yiuf (D:6)
  2 iguanas (D:6)
  2 sleepcaps
  4 orc wizards
  3 gnolls (D:4)
  5 adders
  A white imp (D:8)
  2 ufetubi
  2 dart slugs
  15 orcs
  4 bats
  11 endoplasms
  10 giant cockroaches
  12 goblins
  6 hobgoblins
  4 jackals
  16 kobolds
  8 quokkas
  8 ball pythons
  4 frilled lizards
  2 rats
153 creatures vanquished.

Vanquished Creatures (collateral kills)
  An orc priest (D:3)
  An orc wizard (D:3)
  3 orcs (D:3)
5 creatures vanquished.

Vanquished Creatures (others)
  A hobgoblin (D:4)
  7 starspawn tentacles (Abyss:2)
8 creatures vanquished.

Grand Total: 166 creatures vanquished

Table legend:
 A = Non-vault XP
 B = Vault XP
 C = Vault XP percentage of total XP
 D = Non-vault monster count
 E = Vault monster count
 F = Vault count percentage of total count
                 A         B        C        D         E       F
            +---------+---------+-------+---------+---------+-------
      Total |    3080 |     406 |  11.6 |     140 |      17 |  10.8
            +---------+---------+-------+---------+---------+-------
        D:1 |      34 |       4 |  10.5 |      21 |       2 |   8.7
        D:2 |      43 |      17 |  28.3 |      19 |       8 |  29.6
        D:3 |     201 |       0 |   0.0 |      22 |       0 |   0.0
        D:4 |     266 |     218 |  45.0 |      26 |       5 |  16.1
        D:5 |     946 |     128 |  11.9 |      23 |       1 |   4.2
        D:6 |     342 |      39 |  10.2 |      11 |       1 |   8.3
        D:7 |     599 |       0 |   0.0 |      12 |       0 |   0.0
        D:8 |      10 |       0 |   0.0 |       1 |       0 |   0.0
    Abyss:2 |     639 |       0 |   0.0 |       5 |       0 |   0.0
            +---------+---------+-------+---------+---------+-------

Skill      XL: |  1  2  3  4  5  6  7  8  9 |
---------------+----------------------------+-----
Unarmed Combat | 4 5 6 8 9 10 | 10.0
Shields        | 2 4 |  4.1
Fighting       | 4 6 7 |  7.2
Dodging        | 3 |  3.9

Action                     |  1- 3 |  4- 6 |  7- 9 || total
---------------------------+-------+-------+-------++-------
  Melee: Unarmed           |   158 |   140 |   259 ||   557
         Tailslap          |    18 |    16 |    30 ||    64
         Punch             |     3 |     4 |       ||     7
         Kick              |     5 |    35 |    67 ||   107
  Throw: Dart              |       |     4 |       ||     4
 Invoke: Depart the Abyss  |       |       |     1 ||     1
Ability: Breathe Steam     |       |       |     8 ||     8
         Lunge             |       |       |    11 ||    11
         Whirlwind         |       |       |     4 ||     4
  Evoke: Wand              |       |       |     8 ||     8
    Use: Scroll            |     2 |       |    12 ||    14
         Potion            |       |       |     6 ||     6
   Stab: Sleeping          |     1 |     1 |     2 ||     4
 Armour: Skin              |    79 |    94 |   168 ||   341
  Dodge: Dodged            |    83 |    85 |   131 ||   299
  Block: Buckler           |       |       |    56 ||    56
         Form:             |     2 |       |       ||     2
         Beast             |     2 |       |       ||     2

Illustrated notes

Table legend:
 A = Kills in this place as a percentage of kills in the entire game.
 B = Kills by you in this place as a percentage of kills by you in the entire game.
 C = Kills by friends in this place as a percentage of kills by friends in the entire game.
 D = Other kills in this place as a percentage of other kills in the entire game.
 E = Experience gained in this place as a percentage of experience gained in the entire game.
 F = Experience gained in this place divided by the number of levels of this place that you have seen.
                   A       B       C       D       E      F
               +-------+-------+-------+-------+-------+----------------------
         Total | 100.0 | 100.0 | 100.0 |   N/A | 100.0 | 348.6
       Dungeon |  96.8 |  96.7 | 100.0 |   N/A |  81.7 | 355.9
         Abyss |   3.2 |   3.3 |   0.0 |   N/A |  18.3 | 639.0
               +-------+-------+-------+-------+-------+----------------------

Table legend: (Time is in decaauts)
 A = Elapsed time spent in this place.
 B = Non-inter-level travel time spent in this place.
 C = Inter-level travel time spent in this place.
 D = Time resting spent in this place.
 E = Time spent auto-exploring this place.
 F = Levels seen in this place.
 G = Mean time per level.
                   A        B        C        D        E       F      G
               +--------+--------+--------+--------+--------+-----+--------+
         Total |   8540 |   8128 |    412 |   1976 |   4680 |  10 |  854.0 |
       Dungeon |   8126 |   7715 |    411 |   1839 |   4627 |   8 | 1015.8 |
        Temple |      4 |      3 |      1 |      0 |      0 |   1 |    4.0 |
         Abyss |    409 |    409 |      0 |    137 |     53 |   1 |  409.0 |
               +--------+--------+--------+--------+--------+-----+--------+

Top non-repeatable levels by time:
     D:5: 1426 daAuts
     D:3: 1311 daAuts
     D:7: 1309 daAuts
     D:1: 1034 daAuts
     D:4: 1007 daAuts
     D:2: 990 daAuts
     D:6: 957 daAuts
 Abyss:2: 409 daAuts
     D:8: 89 daAuts
  Temple: 4 daAuts
